 Dungeon Crawl Stone Soup version 0.22.1-1-ga44c0e56f4 (webtiles) character file.

86517 Jynx the Bludgeoner (level 15, 0/103 HPs)
             Began as a Gargoyle Fighter on Oct 14, 2018.
             Was a High Priest of Okawaru.
             Incinerated by a smoke demon (12 damage)
             ... with a sticky flame
             ... on level 2 of the Orcish Mines.
             The game lasted 00:48:06 (20312 turns).

Jynx the Bludgeoner (Gargoyle Fighter)             Turns: 20312, Time: 00:48:07

Health: 0/103      AC: 35    Str: 28    XL:     15   Next: 87%
Magic:  17/21      EV: 15    Int: 10    God:    Okawaru [*****.]
Gold:   2056       SH: 10    Dex: 14    Spells: 14/14 levels left

rFire    x . .     SeeInvis .   m - +10 morningstar of Chaos {pain, Fragile MR+ Dex+3}
rCold    + + .     Gourm    .   S - +2 buckler {rN+}
rNeg     + + .     Faith    .   v - +8 ring mail of the Old World {rC+ MR+ Int+2}
rPois    ∞         Spirit   .   G - +0 helmet
rElec    +         Reflect  .   q - +0 cloak
rCorr    .         Harm     .   T - +0 pair of gloves {Str+3}
MR       +++..                  N - +0 pair of boots
Stlth    ++........             (no amulet)
HPRegen  0.27/turn              M - ring of ice
MPRegen  0.17/turn              o - ring of stealth

@: liquid flames, about to teleport, heroism, finesse, flying, glowing
A: big wings, negative energy resistance 1, electricity resistance, unbreathing,
petrification resistance, rot immunity, AC +11
a: Stop Flying, Heroism, Finesse, Renounce Religion


You were on level 2 of the Orcish Mines.
You worshipped Okawaru.
Okawaru was extremely pleased with you.
You were hungry.

You visited 3 branches of the dungeon, and saw 20 of its levels.
You also visited: Sewer and Ice Cave.

You collected 2056 gold pieces.

Inventory:

Hand Weapons
 m - the +10 morningstar of Chaos (weapon) {pain, Fragile MR+ Dex+3}
   (You found it in a sewer)

   In the hands of one skilled in necromantic magic, it inflicts extra damage on
   living creatures.
   It affects your dexterity (+3).
   It affects your resistance to hostile enchantments.
   It will be destroyed if unequipped.
Armour
 q - a +0 cloak (worn)
 v - the +8 ring mail of the Old World (worn) {rC+ MR+ Int+2}
   (You found it on level 5 of the Dungeon)

   It affects your intelligence (+2).
   It protects you from cold.
   It affects your resistance to hostile enchantments.
 G - a +0 helmet (worn)
 N - a +0 pair of boots (worn)
 S - a +2 buckler of positive energy (worn)
 T - a +0 pair of gloves of strength (worn)
Jewellery
 n - an uncursed ring of see invisible
 o - a ring of stealth (right hand)
 t - an uncursed ring of resist corrosion
 J - an uncursed ring of fire
 M - a ring of ice (left hand)
 Q - a +2 ring of intelligence
 Y - an uncursed ring of ice
Wands
 a - a wand of polymorph (64)
 c - a wand of acid (32)
 z - a wand of random effects (27)
 E - a wand of iceblast (20)
 K - a wand of flame (54)
 O - a wand of enslavement (15)
 U - a wand of paralysis (17)
 W - a wand of disintegration (17)
Scrolls
 e - 11 scrolls of remove curse
 i - 5 scrolls of teleportation
 k - 7 scrolls of fog
 r - 2 scrolls of amnesia
 s - 2 scrolls of summoning {unknown}
 u - 4 scrolls of fear {unknown}
 w - 4 scrolls of vulnerability {unknown}
 y - 4 scrolls of magic mapping {unknown}
 A - 5 scrolls of enchant armour {unknown}
 H - 3 scrolls of blinking {unknown}
 I - 2 scrolls of enchant weapon {unknown}
 L - a scroll of acquirement {unknown}
 P - 3 scrolls of brand weapon {unknown}
 X - a scroll of immolation {unknown}
Potions
 b - 2 potions of mutation
 d - 4 potions of might
 g - 6 potions of heal wounds
 h - 8 potions of curing
 j - 4 potions of invisibility
 l - 5 potions of brilliance
 x - 2 potions of flight
 B - 3 potions of haste
 C - a potion of cancellation
 D - 3 potions of resistance
 F - a potion of magic
 V - a potion of berserk rage {unknown}
Miscellaneous
 R - a fan of gales
Comestibles
 f - 40 rations


   Skills:
 * Level 15.0(20.0) Fighting
 - Level 16.2(21.2) Maces & Flails
 + Level 13.2(18.2) Armour
 + Level 1.5(6.5) Dodging
 + Level 11.1(16.1) Shields
 - Level 9.0 Invocations


You had 14 spell levels left.
You didn't know any spells.
Your spell library contained the following spells:

 Spells                   Type           Power        Failure   Level  Hunger
 Animate Skeleton         Necr           N/A          43%         1    ##.....
 Apportation              Tloc           #.....       43%         1    ##.....
 Confusing Touch          Hex            #.....       43%         1    ##.....
 Flame Tongue             Conj/Fire      #....        43%         1    ##.....
 Magic Dart               Conj           #...         43%         1    ##.....
 Summon Butterflies       Summ           #.......     43%         1    ##.....
 Summon Small Mammal      Summ           #...         43%         1    ##.....
 Blink                    Tloc           N/A          58%         2    ###....
 Call Imp                 Summ           #.......     58%         2    ###....
 Searing Ray              Conj           #.....       58%         2    ###....
 Slow                     Hex            #.......     58%         2    ###....
 Throw Flame              Conj/Fire      #.....       58%         2    ###....
 Call Canine Familiar     Summ           #.......     82%         3    ####...
 Confuse                  Hex            #.......     82%         3    ####...
 Conjure Flame            Conj/Fire      #.......     82%         3    ####...
 Dazzling Spray           Conj/Hex       #.....       82%         3    ####...
 Gell's Gravitas          Tloc           #.........   82%         3    ####...
 Ignite Poison            Fire/Tmut/Pois #.......     82%         3    ####...
 Inner Flame              Hex/Fire       #.......     82%         3    ####...
 Mephitic Cloud           Conj/Pois/Air  #.......     82%         3    ####...
 Force Lance              Conj/Tloc      #.......     99%         4    #####..
 Fulminant Prism          Conj/Hex       #.........   99%         4    #####..
 Iskenderun's Mystic Bla  Conj           #.......     99%         4    #####..
 Petrify                  Tmut/Erth      #.......     99%         4    #####..
 Sticky Flame             Conj/Fire      #.......     99%         4    #####..
 Summon Ice Beast         Ice/Summ       #.......     99%         4    #####..
 Fireball                 Conj/Fire      #.........   100%        5    ######.
 Metabolic Englaciation   Hex/Ice        #.........   100%        5    ######.
 Summon Mana Viper        Hex/Summ       #.......     100%        5    ######.
 Yara's Violent Unravell  Hex/Tmut       #.........   100%        5    ######.
 Bolt of Fire             Conj/Fire      #.........   100%        6    #######
 Ring of Flames           Chrm/Fire      #.........   100%        7    #######
 Summon Hydra             Summ           #.........   100%        7    #######
 Ignition                 Fire           #.........   100%        8    #######


Dungeon Overview and Level Annotations

Branches:
Dungeon (12/15)            Temple (0/1) D:7            Lair (6/6) D:8
  Swamp (0/4) Lair:3       Spider (0/4) Lair:3        Slime (0/5) Lair:6
    Orc (2/2) D:11            Elf (0/3) Orc:2

Altars:
Ashenzari
Cheibriados
Elyvilon
Fedhas
Makhleb
Nemelex Xobeh
Okawaru
Ru
Sif Muna
Trog
Uskayaw
Vehumet
Wu Jian
Xom
Zin
Jiyva

Shops:
D:11 :

Annotations:
Lair:6 1 runed door


Innate Abilities, Weirdness & Mutations

You are resistant to torment.
Your stone body is resilient. (AC +11)
You are immune to poison.
Your large and strong wings let you fly indefinitely.
You resist negative energy. (rN+)
You are resistant to electric shocks. (rElec)
You can survive without breathing.
You are immune to petrification.
You are immune to rotting.


Message History

You are covered in liquid flames!
The orc high priest mumbles some strange prayers to Beogh.
The orc knight roars a battlecry!
The orc high priest goes into a battle-frenzy!
You are covered in liquid flames!
The orc sorcerer no longer looks unusually strong.
The orc sorcerer gestures wildly while chanting.
You are covered in liquid flames!
The smoke demon gestures at you. Beogh smites you!
* * * LOW HITPOINT WARNING * * *
The smoke demon gestures at you. Beogh smites you!
* * * LOW HITPOINT WARNING * * *
As you read the scroll of teleportation, it crumbles to dust.
You feel strangely unstable.
You are covered in liquid flames!
* * * LOW HITPOINT WARNING * * *
You are covered in liquid flames!
You die...

##.4)# #..o# ### #4o)##
#####.## #.3o.###
##.##...##
##...o.#######....#.#.##
##.o..................#
##..3o.....#........##
###.............#.##
####@............##
##.................#
#........)........##
##.....).)).......#
###......)..#...##
##.....).....##
##..........#
###...(...##...#
#...((##.####...#


You could see an orc knight, 2 orc high priests, a hellwing, 2 smoke demons, 2
orc sorcerers and an orc priest.

Vanquished Creatures
  Rupert (Orc:2)
  A frost giant (IceCv)
  4 catoblepae
  9 hydras
  2 two-headed ogres
  11 death yaks
  A queen ant (Lair:3)
  2 orc high priests (Orc:2)
  A lindwurm (Lair:5)
  Pikel (D:4)
  3 orc knights (Orc:2)
  3 manticores
  3 orc sorcerers
  2 deep elf magi
  An ugly thing (D:11)
  9 elephants
  3 black mambas
  2 ice statues
  A gargoyle (D:12)
  5 rime drakes
  7 spiny frogs
  10 komodo dragons
  3 trolls
  A queen bee (Lair:1)
  A jumping spider (Lair:3)
  18 polar bears
  21 hippogriffs
  A bog body (Lair:3)
  21 dream sheep
  18 blink frogs
  A wraith (D:12)
  11 wyverns
  90 yaks
  Sigmund (D:4)
  2 steam dragons
  5 basilisks
  4 hungry ghosts
  Edmund (D:6)
  A warg (Orc:2)
  2 swamp worms (Lair:3)
  5 soldier ants
  4 porcupines
  5 ice beasts
  20 water moccasins
  13 orc warriors
  3 black bears
  4 phantoms
  A sky beast (D:11)
  A slave (D:4)
  32 wolves
  A necrophage (D:7)
  7 centaurs
  10 ogres
  9 crocodiles
  3 big kobolds
  16 bullfrogs
  A gnoll sergeant (D:8)
  A wyvern zombie (D:8)
  3 scorpions
  A troll zombie (D:11)
  36 killer bees
  4 wights
  4 howler monkeys
  An electric eel (Lair:3)
  2 bullfrog zombies
  3 crimson imps
  4 jellies
  5 orc priests
  A quasit (D:9)
  3 bullfrog skeletons
  A gnoll shaman (D:7)
  4 centaur skeletons
  5 hounds
  11 orc wizards
  2 iguanas
  20 worker ants
  7 ogre zombies (D:11)
  A hound skeleton (D:10)
  11 gnolls
  6 adders
  2 shadow imps
  2 white imps (D:9)
  2 ufetubi (D:9)
  2 oozes
  4 worms
  A dart slug (D:1)
  6 leopard geckos
  52 orcs
  9 giant cockroaches
  5 goblins
  10 hobgoblins
  5 jackals
  7 quokkas
  7 ball pythons
  8 bats
  8 frilled lizards
  2 goblin zombies (D:11)
  2 hobgoblin skeletons (D:11)
  4 hobgoblin zombies (D:11)
  10 kobolds
  4 orc skeletons (D:11)
  13 orc zombies (D:11)
  10 rats
  2 butterflies (D:7)
732 creatures vanquished.

Vanquished Creatures (others)
  An orc (Orc:2)
  A bush (Lair:4)
  18 fungi
  12 plants
32 creatures vanquished.

Grand Total: 764 creatures vanquished

Notes
Turn   | Place    | Note
-------+----------+-------------------------------------------
     0 | D:1      | Jynx the Gargoyle Fighter began the quest for the Orb.
     0 | D:1      | Reached XP level 1. HP: 14/14 MP: 1/1
   112 | D:1      | Reached XP level 2. HP: 14/19 MP: 2/2
   187 | D:1      | Reached skill level 3 in Maces & Flails
   298 | D:1      | Reached XP level 3. HP: 22/23 MP: 3/3
  1013 | D:2      | Found a shattered altar of Ashenzari.
  1043 | D:2      | Reached skill level 4 in Maces & Flails
  1059 | D:2      | Found a deep blue altar of Sif Muna.
  1216 | D:2      | Reached XP level 4. HP: 28/28 MP: 4/4
  1619 | D:3      | Found a glowing drain.
  1899 | Sewer    | Entered a sewer
  2206 | Sewer    | Reached skill level 5 in Maces & Flails
  2206 | Sewer    | Reached XP level 5. HP: 30/32 MP: 5/5
  2279 | Sewer    | Got an ichor-stained morningstar
  2280 | Sewer    | Identified the +10 morningstar of Chaos {pain, Fragile MR+
                  | Dex+3} (You found it in a sewer)
  2285 | Sewer    | Reached skill level 6 in Maces & Flails
  2285 | Sewer    | Reached XP level 6. HP: 31/37 MP: 6/6
  2438 | D:3      | Found a sparkling altar of Nemelex Xobeh.
  2685 | D:3      | Found a burning altar of Makhleb.
  2909 | D:4      | Noticed Sigmund
  2917 | D:4      | Killed Sigmund
  2917 | D:4      | Reached skill level 7 in Maces & Flails
  2917 | D:4      | Reached XP level 7. HP: 41/41 MP: 7/7
  3023 | D:4      | Found a glowing silver altar of Zin.
  3207 | D:4      | Noticed Pikel
  3235 | D:4      | Killed Pikel
  3235 | D:4      | Reached skill level 9 in Maces & Flails
  3235 | D:4      | Reached XP level 8. HP: 42/46 MP: 8/8
  3412 | D:5      | Entered Level 5 of the Dungeon
  3683 | D:5      | Got a steaming ring mail
  3684 | D:5      | Identified the +8 ring mail of the Old World {rC+ MR+
                  | Int+2} (You found it on level 5 of the Dungeon)
  3708 | D:5      | Found an ornate altar of the Wu Jian Council.
  4062 | D:6      | Reached skill level 10 in Maces & Flails
  4197 | D:6      | Reached XP level 9. HP: 52/52 MP: 9/9
  4219 | D:6      | Reached skill level 11 in Maces & Flails
  4239 | D:6      | Noticed Edmund
  4256 | D:6      | Killed Edmund
  4472 | D:7      | Reached skill level 5 in Fighting
  4478 | D:7      | Found a snail-covered altar of Cheibriados.
  4481 | D:7      | Reached skill level 5 in Armour
  4968 | D:7      | Found a shimmering altar of Xom.
  5153 | D:7      | Noticed a five-headed hydra
  5161 | D:7      | Killed a five-headed hydra
  5161 | D:7      | Reached skill level 12 in Maces & Flails
  5161 | D:7      | Reached XP level 10. HP: 44/60 MP: 10/10
  5290 | D:7      | Found a staircase to the Ecumenical Temple.
  5565 | D:8      | Found a glowing silver altar of Zin.
  5568 | D:8      | Found a staircase to the Lair.
  5764 | D:8      | Found an iron altar of Okawaru.
  5769 | D:8      | Became a worshipper of Warmaster Okawaru
  5996 | D:8      | Noticed a two-headed ogre
  5999 | D:8      | Found a sacrificial altar of Ru.
  6009 | D:8      | Killed a two-headed ogre
  6009 | D:8      | Reached * piety under Okawaru
  6109 | D:8      | Found a white marble altar of Elyvilon.
  6326 | Lair:1   | Entered Level 1 of the Lair of Beasts
  6350 | Lair:1   | Reached skill level 13 in Maces & Flails
  6683 | D:8      | Reached ** piety under Okawaru
  6683 | D:8      | Reached XP level 11. HP: 49/68 MP: 11/11
  7128 | Lair:1   | Reached *** piety under Okawaru
  7183 | Lair:1   | Reached skill level 14 in Maces & Flails
  7537 | Lair:1   | Reached **** piety under Okawaru
  7910 | Lair:2   | Reached ***** piety under Okawaru
  8191 | Lair:2   | Reached XP level 12. HP: 68/76 MP: 12/12
  8842 | Lair:2   | Reached skill level 5 in Shields
  9309 | Lair:3   | Noticed a queen ant
  9327 | Lair:3   | Killed a queen ant
  9356 | Lair:3   | Reached skill level 15 in Maces & Flails
  9372 | Lair:3   | Received a gift from Okawaru
  9478 | Lair:3   | Reached skill level 10 in Fighting
  9531 | Lair:3   | Reached skill level 10 in Armour
  9730 | Lair:3   | Found a hole to the Spider Nest.
 10109 | Lair:3   | Reached skill level 1 in Invocations
 10397 | Lair:3   | Found a staircase to the Swamp.
 10598 | Lair:4   | Received a gift from Okawaru
 10604 | Lair:4   | Reached XP level 13. HP: 68/83 MP: 12/14
 11120 | Lair:4   | Reached skill level 16 in Maces & Flails
 12012 | Lair:5   | Reached skill level 5 in Invocations
 12448 | Lair:5   | Gained mutation: Your large and strong wings let you fly
                  | indefinitely. [Gargoyle growth]
 12448 | Lair:5   | Reached XP level 14. HP: 91/91 MP: 17/17
 12454 | Lair:5   | Received a gift from Okawaru
 12947 | Lair:6   | Entered Level 6 of the Lair of Beasts
 12973 | Lair:6   | Found a runed door.
 13907 | Lair:6   | Found a viscous altar of Jiyva.
 13907 | Lair:6   | Found a staircase to the Slime Pits.
 14416 | Lair:6   | Received a gift from Okawaru
 15030 | D:9      | Found a radiant altar of Vehumet.
 15155 | D:9      | Found a blossoming altar of Fedhas.
 15541 | D:9      | Found a bloodstained altar of Trog.
 15575 | D:9      | Found a hide-covered altar of Uskayaw.
 15966 | D:9      | Reached skill level 10 in Shields
 16035 | D:10     | Entered Level 10 of the Dungeon
 16308 | D:10     | Found a runed door.
 16655 | D:10     | Reached XP level 15. HP: 96/99 MP: 17/20
 16764 | D:11     | Found Kexirgh's Book Shoppe.
 16895 | D:11     | Found a staircase to the Orcish Mines.
 18302 | Orc:1    | Entered Level 1 of the Orcish Mines
 18377 | Orc:1    | Found a frozen archway.
 18387 | IceCv    | Entered an ice cave
 19026 | IceCv    | Noticed a frost giant
 19038 | IceCv    | Killed a frost giant
 19712 | Orc:2    | Entered Level 2 of the Orcish Mines
 19712 | Orc:2    | Found a staircase to the Elven Halls.
 19905 | Orc:2    | Noticed Rupert
 19933 | Orc:2    | Killed Rupert
 19933 | Orc:2    | Reached skill level 1 in Dodging
 19976 | Orc:2    | Reached skill level 15 in Fighting
 20312 | Orc:2    | Incinerated by a smoke demon

Skill      XL: |  1  2  3  4  5  6  7  8  9 10 11 12 13 14 15 |
---------------+----------------------------------------------+-----
Maces & Flails | 3 4 5 6 7 9 10 12 13 14 15 16 | 16.2
Fighting       | 4 6 7 9 10 11 13 15 | 15.0
Armour         | 4 6 7 9 10 11 12 13 | 13.2
Shields        | 4 6 8 10 11 | 11.1
Invocations    | 2 5 7 9 |  9.0
Dodging        | 1 |  1.5

Action                   |  1- 3 |  4- 6 |  7- 9 | 10-12 | 13-15 || total
-------------------------+-------+-------+-------+-------+-------++-------
Melee: Flail             |   149 |   123 |       |       |       ||   272
       Morningstar       |       |    31 |   208 |   589 |  1318 ||  2146
Invok: Heroism           |       |       |       |    11 |    29 ||    40
       Finesse           |       |       |       |       |    10 ||    10
 Abil: Fly               |       |       |       |       |     1 ||     1
  Use: Scroll            |       |     5 |     5 |     3 |    13 ||    26
 Stab: Sleeping          |       |       |     1 |     3 |     6 ||    10
       Distracted        |       |       |       |     1 |     2 ||     3
       Petrified         |       |       |       |       |     6 ||     6
  Eat: Chunk             |     1 |     6 |     7 |    18 |    31 ||    63
       Ration            |       |       |       |       |     1 ||     1
Armor: Scale mail        |    84 |   117 |       |       |       ||   201
       Chain mail        |       |     2 |    16 |       |       ||    18
       Ring mail         |       |       |    68 |   302 |   628 ||   998
Dodge: Dodged            |    51 |    58 |    47 |   207 |   467 ||   830
Block: Shield            |    80 |   105 |    93 |   327 |   194 ||   799
       Buckler           |       |       |       |       |   333 ||   333
